Knights vs Mustangs
(R1)
Created - November 19, 2018 at 19:22
Goals
|
| Knights |
1 |
2 |
1 |
1 |
5 |
| Mustangs |
2 |
1 |
1 |
0 |
4 |
|
Shots
|
| Knights |
6 |
18 |
1 |
3 |
28 |
| Mustangs |
5 |
15 |
7 |
7 |
34 |
|
1st period
1. Knights , Michael Raffl 11 (Zach Trotman 4, Jared Spurgeon 8) at 0:17
2. Mustangs , Josh Jooris 1 (Eric Knodel 6, Tomas Tatar 13) at 2:07
3. Mustangs , Josh Jooris 2 (Tomas Tatar 14, Andreas Athanasiou 4) at 19:46
Penalties :
Scott Mayfield (Ham) for High sticking (Minor) at 3:51, Zach Trotman (Lon) for Holding (Minor) at 10:07, Scott Mayfield (Ham) for Holding (Minor) at 17:11
2nd period
4. Knights , Tom Wilson 4 (Stefan Matteau 1) at 2:43
5. Mustangs , Joshua Leivo 8 (Jim O'Brien 12, Andrew Shaw 18) at 10:02
6. Knights , Linden Vey 5 (Brendan Gaunce 4, Jonathan Drouin 4) at 13:05
Penalties :
Josh Jooris (Ham) for Hooking (Minor) at 0:21, Joshua Leivo (Ham) for Hooking (Minor) at 4:46, Jaccob Slavin (Lon) for Holding (Minor) at 13:41, Alexei Marchenko (Ham) for Hooking (Minor) at 16:36
3rd period
7. Knights , Jordan Martinook 3 (Jonathan Drouin 5, Josh Bailey 4) at 5:33
8. Mustangs , Nicolas Petan 2 (JT Compher 3, Francis Paré 6) at 18:42
Penalties :
JT Compher (Ham) for Elbowing (Minor) at 1:16, Andrew Shaw (Ham) for Hooking (Minor) at 6:01, Josh Jooris (Ham) for Hooking (Minor) at 13:40
Overtime #1
9. Knights , Josh Bailey 5 (Michael Matheson 7, Ben Scrivens) at 3:54
Penalties :
No Penalty
Goalie Stats
Ben Scrivens (Lon), 30 saves from 34 shots - (0.882), W, 7-3-1, 63:54 minutes
Chet Pickard (Ham), 23 saves from 28 shots - (0.821), OTL, 7-1-2, 63:54 minutes
Players Stats for Knights
Player Name G A P +/- PIM S H SB GA TA FO MP PP MP PK MP
------------------------------------------------------------------------------------
Brendan Gaunce 0 1 1 0 0 0 0 0 0 0 2/2 6:55 0:00 0:00
Collin Miller 0 0 0 -1 0 0 2 1 0 0 0/0 18:24 7:25 2:10
Jaccob Slavin 0 0 0 1 2 4 3 0 0 0 0/0 27:35 8:50 0:44
Jared Spurgeon 0 1 1 0 0 4 4 2 0 0 0/0 28:24 8:26 1:54
Jonathan Drouin 0 2 2 1 0 0 1 0 0 0 3/9 16:50 6:11 0:00
Jordan Martinook 1 0 1 1 0 1 1 0 1 1 0/0 10:57 0:00 0:00
Josh Bailey 1 1 2 1 0 4 0 0 0 0 0/0 17:58 6:11 0:00
Josh Morrissey 0 0 0 0 0 0 1 1 0 0 0/0 11:30 0:00 0:16
Linden Vey 1 0 1 1 0 2 1 0 0 0 2/4 18:15 6:55 2:13
Michael Matheson 0 1 1 2 0 0 4 2 0 0 0/0 25:52 6:58 1:48
Michael Raffl 1 0 1 0 0 5 2 0 1 0 0/1 25:07 8:11 2:13
Noel Acciari 0 0 0 0 0 1 2 1 0 0 22/40 24:08 8:52 1:32
Pavel Buchnevich 0 0 0 0 0 5 3 0 0 0 1/2 19:59 8:46 0:00
Scott Wilson 0 0 0 0 0 0 2 0 0 1 0/0 9:36 0:45 1:00
Stefan Matteau 0 1 1 -1 0 0 1 1 0 0 3/6 11:47 0:23 0:13
Tom Wilson 1 0 1 0 0 1 1 0 2 0 0/0 12:39 1:22 0:45
Valentin Zykov 0 0 0 -1 0 0 0 0 0 0 0/0 8:47 0:00 0:00
Zach Trotman 0 1 1 0 2 1 0 2 0 0 0/0 16:53 0:05 1:04
Players Stats for Mustangs
Player Name G A P +/- PIM S H SB GA TA FO MP PP MP PK MP
------------------------------------------------------------------------------------
Alexei Marchenko 0 0 0 0 2 1 0 2 0 1 0/0 22:01 2:07 6:03
Andreas Athanasiou 0 1 1 1 0 0 1 0 0 0 10/21 16:45 2:10 1:33
Andrew Shaw 0 1 1 -1 2 3 2 1 1 1 1/3 22:00 2:10 6:52
Ben Harpur 0 0 0 -1 0 1 1 1 0 0 0/0 15:18 0:00 2:51
Brady Skjei 0 0 0 0 0 3 5 2 0 0 0/0 28:21 1:51 8:49
Curtis Hamilton 0 0 0 0 0 2 0 0 0 0 0/0 9:54 0:00 1:37
Eric Knodel 0 1 1 -1 0 0 0 1 0 0 0/0 11:44 0:00 0:19
Francis Paré 0 1 1 -1 0 1 2 0 0 0 0/0 10:06 1:48 0:00
Jim O'Brien 0 1 1 0 0 3 4 0 0 0 8/13 18:52 1:48 4:34
Josh Jooris 2 0 2 1 4 2 2 0 0 0 0/1 13:11 0:00 0:00
Joshua Leivo 1 0 1 0 2 4 1 0 0 0 0/0 19:22 1:48 5:28
JT Compher 0 1 1 -1 2 0 1 0 0 0 0/2 10:10 0:00 0:00
Kurtis Gabriel 0 0 0 0 0 0 2 0 0 0 0/0 7:00 0:00 0:00
Mark Pysyk 0 0 0 0 0 2 0 1 0 1 0/0 28:15 1:51 8:44
Michael McCarron 0 0 0 0 0 0 1 0 0 0 1/3 7:00 0:00 0:00
Nicolas Petan 1 0 1 -1 0 5 3 0 0 0 3/4 12:00 0:00 3:27
Sam Kurker 0 0 0 0 0 0 0 0 0 0 0/0 0:00 0:00 0:00
Scott Mayfield 0 0 0 0 4 2 0 0 1 1 0/0 22:10 2:07 4:58
Tomas Tatar 0 2 2 0 0 5 4 2 0 0 8/17 25:27 2:10 8:13
3 Stars
1 - Josh Bailey (Lon)
2 - Michael Matheson (Lon)
3 - Josh Jooris (Ham)
Power Play
Knights - 0 on 8 Attempt(s) - 0.00%
Mustangs - 0 on 2 Attempt(s) - 0.00%
Penalty Kill
Knights - 2 on 2 Attempt(s) - 100.00%
- Score 0 goal in Penalty Kill
Mustangs - 8 on 8 Attempt(s) - 100.00%
- Score 0 goal in Penalty Kill
Team Stat
Knights - Hits : 28 - Faceoff Wins : 33 - Blocked Shots : 10 - Penalty Minutes : 4
Mustangs - Hits : 29 - Faceoff Wins : 31 - Blocked Shots : 10 - Penalty Minutes : 16
Official
Referees : Unknown
Linesman : Unknown
Game Notes
No Game Note
Finance
Level 1 -- Attendance: 1612 (80.60%) -- Ticket Income $64,480
Level 2 -- Attendance: 784 (78.40%) -- Ticket Income $15,680
Total Attendance: 2396 (79.87%)
Total Ticket Income: $80,160
Other Income: $4,008
Total Income: $84,168
Knights
5 vs 5 Forward
Center Left Wing Right Wing Time % Phy DF OF
1 Noel Acciari Michael Raffl Pavel Buchnevich 38 1 2 2
2 Jonathan Drouin Jordan Martinook Josh Bailey 30 1 2 2
3 Brendan Gaunce Scott Wilson Linden Vey 18 1 2 2
4 Stefan Matteau Valentin Zykov Tom Wilson 14 2 1 2
5 vs 5 Defense
Defense Defense Time % Phy DF OF
1 Jared Spurgeon Zach Trotman 40 1 2 2
2 Michael Matheson Jaccob Slavin 30 1 1 3
3 Josh Morrissey Collin Miller 20 1 2 2
4 Jared Spurgeon Jaccob Slavin 10 1 2 2
PowerPlay Forward
Center Left Wing Right Wing Time % Phy DF OF
1 Noel Acciari Michael Raffl Pavel Buchnevich 60 1 1 3
2 Jonathan Drouin Linden Vey Josh Bailey 40 1 1 3
PowerPlay Defense
Defense Defense Time % Phy DF OF
1 Jaccob Slavin Jared Spurgeon 60 0 1 4
2 Collin Miller Michael Matheson 40 0 1 4
Penalty Kill 4 Players Forward
Center Wing Time % Phy DF OF
1 Linden Vey Michael Raffl 60 1 3 1
2 Noel Acciari Tom Wilson 40 1 3 1
Penalty Kill 4 Players Defense
Defense Defense Time % Phy DF OF
1 Michael Matheson Zach Trotman 60 1 3 1
2 Jared Spurgeon Collin Miller 40 1 3 1
Penalty Kill - 3 Players Forward
Forward Time % Phy DF OF
1 Michael Raffl 60 0 4 1
2 Linden Vey 40 0 4 1
Penalty Kill - 3 Players Defense
Defense Defense Time % Phy DF OF
1 Zach Trotman Jared Spurgeon 60 1 3 1
2 Jaccob Slavin Collin Miller 40 1 3 1
4 vs 4 Forward
Center Wing Time % Phy DF OF
1 Noel Acciari Michael Raffl 60 1 2 2
2 Stefan Matteau Josh Bailey 40 1 2 2
4 vs 4 Defense
Defense Defense Time % Phy DF OF
1 Jared Spurgeon Jaccob Slavin 60 1 2 2
2 Michael Matheson Josh Morrissey 40 1 2 2
Last Minutes Offensive
Center Left Wing Right Wing Defense Defense
Noel Acciari Michael Raffl Josh Bailey Jared Spurgeon Jaccob Slavin
Last Minutes Defensive
Center Left Wing Right Wing Defense Defense
Noel Acciari Michael Raffl Tom Wilson Zach Trotman Jared Spurgeon
Goaltenders
Starting : Ben Scrivens
Backup : Magnus Hellberg
Extra Forwards
Normal : Tom Wilson, Linden Vey, Michael Raffl - PP : Tom Wilson, Michael Raffl - PK : Michael Raffl
Extra Defensemen
Normal : Jaccob Slavin, Jared Spurgeon, Michael Matheson - PP : Jaccob Slavin - PK : Jaccob Slavin, Jared Spurgeon
Penalty Shots
Michael Raffl, Noel Acciari, Pavel Buchnevich, Tom Wilson, Linden Vey
Scratches
Zach Nastasiuk (Healthy), Cody Bass (Healthy), Alan Quine (Healthy), Matt Puempel (Healthy), David Shields (Healthy)
Matthew Benning (Healthy), Matt Grzelcyk (Healthy), Trevor Moore (Healthy), Curtis Valk (Healthy), Anthony Louis (Healthy)
Ludwig Bystrom (Healthy), Brett Connolly (Healthy), Travis Boyd (Healthy), Anton Blidh (Healthy), A.J. Jenks (Healthy)
Connor Knapp (Healthy), Eamon McAdam (Healthy), Philippe Desrosiers (Healthy), Ville Husso (Healthy)
Mustangs
5 vs 5 Forward
Center Left Wing Right Wing Time % Phy DF OF
1 Andreas Athanasiou Tomas Tatar Josh Jooris 40 1 2 2
2 Jim O'Brien Joshua Leivo Andrew Shaw 30 1 2 2
3 Nicolas Petan JT Compher Francis Paré 20 1 2 2
4 Michael McCarron Curtis Hamilton Kurtis Gabriel 10 1 2 2
5 vs 5 Defense
Defense Defense Time % Phy DF OF
1 Brady Skjei Mark Pysyk 40 1 2 2
2 Scott Mayfield Alexei Marchenko 30 1 2 2
3 Eric Knodel Ben Harpur 20 1 2 2
4 Brady Skjei Mark Pysyk 10 1 2 2
PowerPlay Forward
Center Left Wing Right Wing Time % Phy DF OF
1 Andreas Athanasiou Tomas Tatar Andrew Shaw 60 1 2 2
2 Jim O'Brien Joshua Leivo Francis Paré 40 1 2 2
PowerPlay Defense
Defense Defense Time % Phy DF OF
1 Brady Skjei Mark Pysyk 60 1 2 2
2 Scott Mayfield Alexei Marchenko 40 1 2 2
Penalty Kill 4 Players Forward
Center Wing Time % Phy DF OF
1 Tomas Tatar Andrew Shaw 60 1 2 2
2 Jim O'Brien Joshua Leivo 40 1 2 2
Penalty Kill 4 Players Defense
Defense Defense Time % Phy DF OF
1 Brady Skjei Mark Pysyk 60 1 2 2
2 Scott Mayfield Alexei Marchenko 40 1 2 2
Penalty Kill - 3 Players Forward
Forward Time % Phy DF OF
1 Tomas Tatar 60 1 2 2
2 Andrew Shaw 40 1 2 2
Penalty Kill - 3 Players Defense
Defense Defense Time % Phy DF OF
1 Brady Skjei Mark Pysyk 60 1 2 2
2 Scott Mayfield Alexei Marchenko 40 1 2 2
4 vs 4 Forward
Center Wing Time % Phy DF OF
1 Tomas Tatar Andrew Shaw 60 1 2 2
2 Jim O'Brien Joshua Leivo 40 1 2 2
4 vs 4 Defense
Defense Defense Time % Phy DF OF
1 Brady Skjei Mark Pysyk 60 1 2 2
2 Scott Mayfield Alexei Marchenko 40 1 2 2
Last Minutes Offensive
Center Left Wing Right Wing Defense Defense
Jim O'Brien Tomas Tatar Andrew Shaw Brady Skjei Mark Pysyk
Last Minutes Defensive
Center Left Wing Right Wing Defense Defense
Jim O'Brien Tomas Tatar Andrew Shaw Brady Skjei Mark Pysyk
Goaltenders
Starting : Chet Pickard
Backup : Eric Comrie
Extra Forwards
Normal : JT Compher, Curtis Hamilton, Nicolas Petan - PP : JT Compher, Curtis Hamilton - PK : Nicolas Petan
Extra Defensemen
Normal : Scott Mayfield, Ben Harpur, Brady Skjei - PP : Scott Mayfield - PK : Ben Harpur, Brady Skjei
Penalty Shots
Tomas Tatar, Andrew Shaw, Jim O'Brien, Joshua Leivo, Andreas Athanasiou
Scratches
Ryan Graves (Healthy), Jerome Samson (Healthy), Matthew Finn (Healthy), Danny Biega (Healthy), Raphael Bussieres (Healthy)
Dakota Mermis (Healthy), Max Gortz (Healthy), Riley Nash (Healthy), Joacim Eriksson (Healthy)
% Time on Ice - Knights
Lines # - Real PCT - Wanted PCT - Time Play
Normal Forward
1 - 31% - 38% - 12:37
2 - 30% - 30% - 11:51
3 - 17% - 18% - 6:55
4 - 22% - 14% - 8:47
Normal Defense
1 - 43% - 40% - 17:27
2 - 30% - 30% - 12:15
3 - 23% - 20% - 9:08
4 - 3% - 10% - 1:20
PP Forward
1 - 60% - 60% - 9:31
2 - 40% - 40% - 6:21
PP Defense
1 - 56% - 60% - 8:54
2 - 44% - 40% - 6:58
PK Forward
1 - 81% - 60% - 3:13
2 - 19% - 40% - 0:45
PK Defense
1 - 52% - 60% - 2:04
2 - 48% - 40% - 1:54
PK3 Forward
1 - 0% - 60%
2 - 0% - 40%
PK3 Defense
1 - 0% - 60%
2 - 0% - 40%
44 Forward
1 - 74% - 60% - 2:53
2 - 26% - 40% - 1:01
44 Defense
1 - 58% - 60% - 2:16
2 - 42% - 40% - 1:38
Last Minute Offensive - 0:00
Last Minute Defensive - 0:00
Total
Forward - 63:54
Defense - 63:54
|
% Time on Ice - Mustangs
Lines # - Real PCT - Wanted PCT - Time Play
Normal Forward
1 - 33% - 40% - 13:10
2 - 29% - 30% - 11:42
3 - 21% - 20% - 8:18
4 - 17% - 10% - 7:00
Normal Defense
1 - 39% - 40% - 15:45
2 - 34% - 30% - 13:44
3 - 27% - 20% - 10:41
4 - 0% - 10% - 0:00
PP Forward
1 - 55% - 60% - 2:10
2 - 45% - 40% - 1:48
PP Defense
1 - 47% - 60% - 1:51
2 - 53% - 40% - 2:07
PK Forward
1 - 70% - 60% - 11:09
2 - 30% - 40% - 4:43
PK Defense
1 - 55% - 60% - 8:44
2 - 45% - 40% - 7:08
PK3 Forward
1 - 0% - 60%
2 - 0% - 40%
PK3 Defense
1 - 0% - 60%
2 - 0% - 40%
44 Forward
1 - 76% - 60% - 2:59
2 - 24% - 40% - 0:55
44 Defense
1 - 64% - 60% - 2:30
2 - 36% - 40% - 1:24
Last Minute Offensive - 0:00
Last Minute Defensive - 0:00
Total
Forward - 63:54
Defense - 63:54
|
Play by Play
1st period
0:01 of 1st period - Andreas Athanasiou wins face-off versus Noel Acciari in neutral zone.
0:07 of 1st period - Off-side.
0:08 of 1st period - Noel Acciari wins face-off versus Andreas Athanasiou in neutral zone.
0:11 of 1st period - Snap shot by Michael Raffl.
0:11 of 1st period - Shot Misses the Net.
0:13 of 1st period - Wrist shot by Jared Spurgeon.
0:13 of 1st period - Stopped by Chet Pickard with a rebound.
0:15 of 1st period - Slapshot by Zach Trotman.
0:15 of 1st period - Shot Misses the Net.
0:17 of 1st period - Snap shot by Michael Raffl.
0:17 of 1st period - Goal by Michael Raffl - Knights : 1 - Mustangs : 0.
0:18 of 1st period - Andrew Shaw wins face-off versus Jonathan Drouin in neutral zone.
0:45 of 1st period - Michael Matheson is hit by Nicolas Petan and loses puck.
1:25 of 1st period - Icing by Tomas Tatar.
1:26 of 1st period - Noel Acciari wins face-off versus Andreas Athanasiou in Mustangs zone.
1:31 of 1st period - Wrist shot by Noel Acciari.
1:31 of 1st period - Shot Misses the Net.
1:33 of 1st period - Slapshot by Jared Spurgeon.
1:33 of 1st period - Shot Blocked by Eric Knodel.
1:35 of 1st period - Snap shot by Michael Raffl.
1:35 of 1st period - Shot Misses the Net.
1:37 of 1st period - Wrist shot by Michael Raffl.
1:37 of 1st period - Stopped by Chet Pickard with a rebound.
1:39 of 1st period - Slapshot by Jaccob Slavin.
1:39 of 1st period - Stopped by Chet Pickard with a rebound.
1:41 of 1st period - Backhand shot by Jared Spurgeon.
1:41 of 1st period - Shot Misses the Net.
2:05 of 1st period - Snap shot by Josh Jooris.
2:05 of 1st period - Shot Blocked by Josh Morrissey.
2:07 of 1st period - Slapshot by Eric Knodel.
2:07 of 1st period - Deflect By Josh Jooris.
2:07 of 1st period - Goal by Josh Jooris - Knights : 1 - Mustangs : 1.
2:08 of 1st period - Jim O'Brien wins face-off versus Jonathan Drouin in neutral zone.
2:10 of 1st period - Off-side.
2:11 of 1st period - Jim O'Brien wins face-off versus Jonathan Drouin in neutral zone.
2:22 of 1st period - Wrist shot by Jim O'Brien.
2:22 of 1st period - Shot Misses the Net.
2:41 of 1st period - Snap shot by Josh Jooris.
2:41 of 1st period - Shot Blocked by Zach Trotman.
2:51 of 1st period - Slapshot by Jared Spurgeon.
2:51 of 1st period - Shot Misses the Net.
3:51 of 1st period - Minor Penalty to Scott Mayfield for High sticking.
3:52 of 1st period - Nicolas Petan wins face-off versus Noel Acciari in Mustangs zone.
4:08 of 1st period - Snap shot by Brady Skjei.
4:08 of 1st period - Shot Misses the Net.
5:10 of 1st period - Mark Pysyk is hit by Scott Wilson and loses puck.
5:51 of 1st period - Penalty to Scott Mayfield is over, Scott Mayfield is back on ice.
6:19 of 1st period - Noel Acciari is hit by Francis Paré and loses puck.
7:13 of 1st period - Michael Matheson is hit by Tomas Tatar and loses puck.
7:26 of 1st period - Valentin Zykov is hit by Brady Skjei and loses puck.
7:43 of 1st period - Scott Wilson is hit by Francis Paré and loses puck.
8:00 of 1st period - Zach Trotman is hit by Jim O'Brien and loses puck.
9:32 of 1st period - Michael Matheson is hit by JT Compher and loses puck.
9:40 of 1st period - Icing by Michael Matheson.
9:41 of 1st period - Brendan Gaunce wins face-off versus Michael McCarron in Knights zone.
10:07 of 1st period - Minor Penalty to Zach Trotman for Holding.
10:08 of 1st period - Andreas Athanasiou wins face-off versus Linden Vey in Knights zone.
10:11 of 1st period - Wrist shot by Andrew Shaw.
10:11 of 1st period - Shot Misses the Net.
10:13 of 1st period - Slapshot by Alexei Marchenko.
10:13 of 1st period - Shot Misses the Net.
10:15 of 1st period - Wrist shot by Andrew Shaw.
10:15 of 1st period - Stopped by Ben Scrivens without a rebound.
10:16 of 1st period - Linden Vey wins face-off versus Andrew Shaw in Knights zone.
11:13 of 1st period - Mark Pysyk is hit by Scott Wilson and loses puck.
12:07 of 1st period - Penalty to Zach Trotman is over, Zach Trotman is back on ice.
12:24 of 1st period - Zach Trotman is hit by Kurtis Gabriel and loses puck.
12:48 of 1st period - Andreas Athanasiou is hit by Jaccob Slavin and loses puck.
12:59 of 1st period - Andreas Athanasiou is hit by Jordan Martinook.
13:42 of 1st period - Wrist shot by Nicolas Petan.
13:42 of 1st period - Stopped by Ben Scrivens without a rebound.
13:43 of 1st period - Nicolas Petan wins face-off versus Jonathan Drouin in Knights zone.
13:50 of 1st period - Snap shot by JT Compher.
13:50 of 1st period - Shot Hit the Post.
14:06 of 1st period - Jared Spurgeon is hit by Tomas Tatar.
14:10 of 1st period - Alexei Marchenko is hit by Noel Acciari and loses puck.
14:49 of 1st period - Wrist shot by Jordan Martinook.
14:49 of 1st period - Shot Blocked by Brady Skjei.
15:20 of 1st period - Snap shot by Linden Vey.
15:20 of 1st period - Stopped by Chet Pickard with a rebound.
15:38 of 1st period - Brady Skjei is hit by Michael Matheson and loses puck.
16:05 of 1st period - Slapshot by Brady Skjei.
16:05 of 1st period - Shot Misses the Net.
16:44 of 1st period - Linden Vey is hit by Nicolas Petan and loses puck.
17:03 of 1st period - Wrist shot by Curtis Hamilton.
17:03 of 1st period - Stopped by Ben Scrivens without a rebound.
17:04 of 1st period - Pavel Buchnevich wins face-off versus Andreas Athanasiou in Knights zone.
17:04 of 1st period - Pavel Buchnevich is hit by Josh Jooris.
17:11 of 1st period - Minor Penalty to Scott Mayfield for Holding.
17:12 of 1st period - Noel Acciari wins face-off versus Tomas Tatar in Mustangs zone.
17:22 of 1st period - Snap shot by Pavel Buchnevich.
17:22 of 1st period - Stopped by Chet Pickard with a rebound.
17:24 of 1st period - Slapshot by Jared Spurgeon.
17:24 of 1st period - Shot Blocked by Ben Harpur.
17:28 of 1st period - Snap shot by Michael Raffl.
17:28 of 1st period - Shot Misses the Net.
18:31 of 1st period - Joshua Leivo is hit by Pavel Buchnevich and loses puck.
19:11 of 1st period - Penalty to Scott Mayfield is over, Scott Mayfield is back on ice.
19:14 of 1st period - Icing by Brady Skjei.
19:15 of 1st period - Michael McCarron wins face-off versus Stefan Matteau in Mustangs zone.
19:30 of 1st period - Icing by Valentin Zykov.
19:31 of 1st period - Andreas Athanasiou wins face-off versus Stefan Matteau in Knights zone.
19:44 of 1st period - Snap shot by Tomas Tatar.
19:44 of 1st period - Shot Misses the Net.
19:46 of 1st period - Backhand shot by Josh Jooris.
19:46 of 1st period - Goal by Josh Jooris - Knights : 1 - Mustangs : 2.
19:47 of 1st period - Noel Acciari wins face-off versus Andreas Athanasiou in neutral zone.
19:54 of 1st period - Off-side.
19:55 of 1st period - Andreas Athanasiou wins face-off versus Pavel Buchnevich in neutral zone.
19:58 of 1st period - Slapshot by Tomas Tatar.
19:58 of 1st period - Deflect By Jaccob Slavin.
19:58 of 1st period - Shot Misses the Net.
19:58 of 1st period - Puck is out of play.
19:59 of 1st period - Noel Acciari wins face-off versus Josh Jooris in Knights zone.
Goals for this period are 1 for Knights vs 2 for Mustangs.
Shots for this period are 6 for Knights vs 5 for Mustangs.
2nd period
0:01 of 2nd period - Andreas Athanasiou wins face-off versus Michael Raffl in neutral zone.
0:12 of 2nd period - Snap shot by Zach Trotman.
0:12 of 2nd period - Stopped by Chet Pickard without a rebound.
0:13 of 2nd period - Noel Acciari wins face-off versus Tomas Tatar in Mustangs zone.
0:21 of 2nd period - Minor Penalty to Josh Jooris for Hooking.
0:22 of 2nd period - Tomas Tatar wins face-off versus Noel Acciari in Mustangs zone.
0:30 of 2nd period - Slapshot by Jared Spurgeon.
0:30 of 2nd period - Shot Blocked by Andrew Shaw.
0:32 of 2nd period - Snap shot by Noel Acciari.
0:32 of 2nd period - Shot Blocked by Mark Pysyk.
0:34 of 2nd period - Snap shot by Jaccob Slavin.
0:34 of 2nd period - Shot Misses the Net.
0:36 of 2nd period - Slapshot by Jaccob Slavin.
0:36 of 2nd period - Stopped by Chet Pickard with a rebound.
0:38 of 2nd period - Slapshot by Jared Spurgeon.
0:38 of 2nd period - Stopped by Chet Pickard without a rebound.
0:39 of 2nd period - Jonathan Drouin wins face-off versus Tomas Tatar in Mustangs zone.
0:50 of 2nd period - Slapshot by Josh Bailey.
0:50 of 2nd period - Stopped by Chet Pickard without a rebound.
0:51 of 2nd period - Tomas Tatar wins face-off versus Noel Acciari in Mustangs zone.
1:16 of 2nd period - Andrew Shaw is hit by Jaccob Slavin and loses puck.
2:21 of 2nd period - Penalty to Josh Jooris is over, Josh Jooris is back on ice.
2:30 of 2nd period - Slapshot by Nicolas Petan.
2:30 of 2nd period - Stopped by Ben Scrivens with a rebound.
2:32 of 2nd period - Wrist shot by Nicolas Petan.
2:32 of 2nd period - Stopped by Ben Scrivens without a rebound.
2:33 of 2nd period - Stefan Matteau wins face-off versus Nicolas Petan in Knights zone.
2:38 of 2nd period - Eric Knodel is hit by Tom Wilson and loses puck.
2:43 of 2nd period - Snap shot by Tom Wilson.
2:43 of 2nd period - Goal by Tom Wilson - Knights : 2 - Mustangs : 2.
2:44 of 2nd period - Andreas Athanasiou wins face-off versus Noel Acciari in neutral zone.
2:48 of 2nd period - Icing by Pavel Buchnevich.
2:49 of 2nd period - Noel Acciari wins face-off versus Andreas Athanasiou in Knights zone.
3:04 of 2nd period - Wrist shot by Noel Acciari.
3:04 of 2nd period - Shot Misses the Net.
3:16 of 2nd period - Jonathan Drouin is hit by Andrew Shaw and loses puck.
3:23 of 2nd period - Wrist shot by Andrew Shaw.
3:23 of 2nd period - Shot Blocked by Zach Trotman.
3:25 of 2nd period - Snap shot by Joshua Leivo.
3:25 of 2nd period - Stopped by Ben Scrivens without a rebound.
3:26 of 2nd period - Nicolas Petan wins face-off versus Noel Acciari in Knights zone.
4:02 of 2nd period - Wrist shot by Nicolas Petan.
4:02 of 2nd period - Stopped by Ben Scrivens without a rebound.
4:03 of 2nd period - Noel Acciari wins face-off versus Andreas Athanasiou in Knights zone.
4:08 of 2nd period - Josh Jooris is hit by Pavel Buchnevich and loses puck.
4:17 of 2nd period - Noel Acciari is hit by Tomas Tatar and loses puck.
4:41 of 2nd period - Snap shot by Jordan Martinook.
4:41 of 2nd period - Shot Misses the Net.
4:43 of 2nd period - Slapshot by Zach Trotman.
4:43 of 2nd period - Deflect By Josh Bailey.
4:43 of 2nd period - Stopped by Chet Pickard without a rebound.
4:44 of 2nd period - Jim O'Brien wins face-off versus Linden Vey in Mustangs zone.
4:46 of 2nd period - Minor Penalty to Joshua Leivo for Hooking.
4:47 of 2nd period - Noel Acciari wins face-off versus Tomas Tatar in Mustangs zone.
4:55 of 2nd period - Wrist shot by Michael Raffl.
4:55 of 2nd period - Shot Blocked by Brady Skjei.
5:20 of 2nd period - Snap shot by Josh Bailey.
5:20 of 2nd period - Stopped by Chet Pickard without a rebound.
5:21 of 2nd period - Jim O'Brien wins face-off versus Noel Acciari in Mustangs zone.
5:21 of 2nd period - Jim O'Brien is hit by Noel Acciari.
5:35 of 2nd period - Snap shot by Jim O'Brien.
5:35 of 2nd period - Shot Blocked by Michael Matheson.
5:41 of 2nd period - Scott Mayfield is hit by Michael Matheson and loses puck.
6:46 of 2nd period - Penalty to Joshua Leivo is over, Joshua Leivo is back on ice.
7:57 of 2nd period - Stefan Matteau is hit by Jim O'Brien and loses puck.
8:34 of 2nd period - Scott Mayfield is hit by Collin Miller and loses puck.
8:46 of 2nd period - Off-side.
8:47 of 2nd period - Jim O'Brien wins face-off versus Stefan Matteau in neutral zone.
9:31 of 2nd period - Jonathan Drouin is hit by Brady Skjei and loses puck.
9:44 of 2nd period - Slapshot by Tomas Tatar.
9:44 of 2nd period - Stopped by Ben Scrivens with a rebound.
9:58 of 2nd period - Wrist shot by Jim O'Brien.
9:58 of 2nd period - Stopped by Ben Scrivens with a rebound.
10:00 of 2nd period - Wrist shot by Joshua Leivo.
10:00 of 2nd period - Shot Misses the Net.
10:02 of 2nd period - Slapshot by Joshua Leivo.
10:02 of 2nd period - Goal by Joshua Leivo - Knights : 2 - Mustangs : 3.
10:03 of 2nd period - Andreas Athanasiou wins face-off versus Noel Acciari in neutral zone.
10:08 of 2nd period - Wrist shot by Josh Jooris.
10:08 of 2nd period - Shot Misses the Net.
10:10 of 2nd period - Slapshot by Mark Pysyk.
10:10 of 2nd period - Stopped by Ben Scrivens without a rebound.
10:11 of 2nd period - Andreas Athanasiou wins face-off versus Noel Acciari in Knights zone.
10:55 of 2nd period - Wrist shot by Michael Raffl.
10:55 of 2nd period - Stopped by Chet Pickard with a rebound.
11:05 of 2nd period - Snap shot by Tomas Tatar.
11:05 of 2nd period - Stopped by Ben Scrivens without a rebound.
11:06 of 2nd period - Jim O'Brien wins face-off versus Jonathan Drouin in Knights zone.
11:19 of 2nd period - Slapshot by Jim O'Brien.
11:19 of 2nd period - Shot Blocked by Jared Spurgeon.
11:21 of 2nd period - Backhand shot by Alexei Marchenko.
11:21 of 2nd period - Deflect By Joshua Leivo.
11:21 of 2nd period - Stopped by Ben Scrivens with a rebound.
11:50 of 2nd period - Icing by Linden Vey.
11:51 of 2nd period - Stefan Matteau wins face-off versus Michael McCarron in Knights zone.
11:58 of 2nd period - Kurtis Gabriel is hit by Stefan Matteau and loses puck.
12:40 of 2nd period - Alexei Marchenko is hit by Pavel Buchnevich and loses puck.
13:05 of 2nd period - Wrist shot by Linden Vey.
13:05 of 2nd period - Goal by Linden Vey - Knights : 3 - Mustangs : 3.
13:06 of 2nd period - Andreas Athanasiou wins face-off versus Noel Acciari in neutral zone.
13:15 of 2nd period - Snap shot by Pavel Buchnevich.
13:15 of 2nd period - Stopped by Chet Pickard with a rebound.
13:17 of 2nd period - Snap shot by Pavel Buchnevich.
13:17 of 2nd period - Stopped by Chet Pickard with a rebound.
13:19 of 2nd period - Slapshot by Jaccob Slavin.
13:19 of 2nd period - Deflect By Michael Raffl.
13:19 of 2nd period - Stopped by Chet Pickard without a rebound.
13:20 of 2nd period - Noel Acciari wins face-off versus Jim O'Brien in Mustangs zone.
13:23 of 2nd period - Snap shot by Pavel Buchnevich.
13:23 of 2nd period - Stopped by Chet Pickard with a rebound.
13:41 of 2nd period - Minor Penalty to Jaccob Slavin for Holding.
13:42 of 2nd period - Linden Vey wins face-off versus Andreas Athanasiou in Knights zone.
14:37 of 2nd period - Slapshot by Jared Spurgeon.
14:37 of 2nd period - Stopped by Chet Pickard with a rebound.
14:39 of 2nd period - Slapshot by Collin Miller.
14:39 of 2nd period - Shot Blocked by Tomas Tatar.
14:51 of 2nd period - Snap shot by Noel Acciari.
14:51 of 2nd period - Stopped by Chet Pickard without a rebound.
14:52 of 2nd period - Jim O'Brien wins face-off versus Noel Acciari in Mustangs zone.
14:52 of 2nd period - Jim O'Brien is hit by Collin Miller.
15:04 of 2nd period - Snap shot by Joshua Leivo.
15:04 of 2nd period - Stopped by Ben Scrivens with a rebound.
15:41 of 2nd period - Penalty to Jaccob Slavin is over, Jaccob Slavin is back on ice.
16:24 of 2nd period - Michael Raffl is hit by Josh Jooris and loses puck.
16:36 of 2nd period - Minor Penalty to Alexei Marchenko for Hooking.
16:37 of 2nd period - Noel Acciari wins face-off versus Tomas Tatar in Mustangs zone.
16:41 of 2nd period - Wrist shot by Noel Acciari.
16:41 of 2nd period - Shot Blocked by Tomas Tatar.
16:43 of 2nd period - Slapshot by Jared Spurgeon.
16:43 of 2nd period - Stopped by Chet Pickard without a rebound.
16:44 of 2nd period - Tomas Tatar wins face-off versus Noel Acciari in Mustangs zone.
16:57 of 2nd period - Snap shot by Jaccob Slavin.
16:57 of 2nd period - Stopped by Chet Pickard with a rebound.
17:11 of 2nd period - Wrist shot by Pavel Buchnevich.
17:11 of 2nd period - Stopped by Chet Pickard without a rebound.
17:12 of 2nd period - Jonathan Drouin wins face-off versus Jim O'Brien in Mustangs zone.
18:36 of 2nd period - Penalty to Alexei Marchenko is over, Alexei Marchenko is back on ice.
18:52 of 2nd period - Francis Paré is hit by Jared Spurgeon.
19:26 of 2nd period - Ben Harpur is hit by Jared Spurgeon and loses puck.
19:39 of 2nd period - Wrist shot by Tomas Tatar.
19:39 of 2nd period - Stopped by Ben Scrivens with a rebound.
19:41 of 2nd period - Wrist shot by Scott Mayfield.
19:41 of 2nd period - Stopped by Ben Scrivens with a rebound.
19:43 of 2nd period - Slapshot by Scott Mayfield.
19:43 of 2nd period - Deflect By Jaccob Slavin.
19:43 of 2nd period - Stopped by Ben Scrivens with a rebound.
19:45 of 2nd period - Snap shot by Francis Paré.
19:45 of 2nd period - Stopped by Ben Scrivens without a rebound.
19:46 of 2nd period - Jim O'Brien wins face-off versus Jonathan Drouin in Knights zone.
19:59 of 2nd period - Snap shot by Jim O'Brien.
19:59 of 2nd period - Deflect By Andrew Shaw.
19:59 of 2nd period - Shot Misses the Net.
19:59 of 2nd period - Puck is out of play.
Goals for this period are 2 for Knights vs 1 for Mustangs.
Shots for this period are 18 for Knights vs 15 for Mustangs.
3rd period
0:01 of 3rd period - Noel Acciari wins face-off versus Andreas Athanasiou in neutral zone.
0:13 of 3rd period - Off-side.
0:14 of 3rd period - Noel Acciari wins face-off versus Andreas Athanasiou in neutral zone.
1:16 of 3rd period - Minor Penalty to JT Compher for Elbowing.
1:17 of 3rd period - Noel Acciari wins face-off versus Tomas Tatar in Mustangs zone.
1:44 of 3rd period - Jared Spurgeon is hit by Brady Skjei and loses puck.
1:55 of 3rd period - Wrist shot by Jim O'Brien.
1:55 of 3rd period - Stopped by Ben Scrivens without a rebound.
1:56 of 3rd period - Noel Acciari wins face-off versus Tomas Tatar in Knights zone.
3:16 of 3rd period - Penalty to JT Compher is over, JT Compher is back on ice.
3:20 of 3rd period - Snap shot by Jim O'Brien.
3:20 of 3rd period - Shot Misses the Net.
3:42 of 3rd period - Collin Miller is hit by Kurtis Gabriel and loses puck.
3:49 of 3rd period - Wrist shot by Curtis Hamilton.
3:49 of 3rd period - Stopped by Ben Scrivens with a rebound.
3:51 of 3rd period - Snap shot by Curtis Hamilton.
3:51 of 3rd period - Shot Blocked by Collin Miller.
3:53 of 3rd period - Snap shot by Alexei Marchenko.
3:53 of 3rd period - Stopped by Ben Scrivens without a rebound.
3:54 of 3rd period - Noel Acciari wins face-off versus Andreas Athanasiou in Knights zone.
4:09 of 3rd period - Slapshot by Pavel Buchnevich.
4:09 of 3rd period - Shot Misses the Net.
4:47 of 3rd period - Slapshot by Andrew Shaw.
4:47 of 3rd period - Shot Blocked by Stefan Matteau.
4:49 of 3rd period - Slapshot by Ben Harpur.
4:49 of 3rd period - Stopped by Ben Scrivens without a rebound.
4:50 of 3rd period - Noel Acciari wins face-off versus Jim O'Brien in Knights zone.
4:57 of 3rd period - Snap shot by Jim O'Brien.
4:57 of 3rd period - Stopped by Ben Scrivens without a rebound.
4:58 of 3rd period - Andreas Athanasiou wins face-off versus Noel Acciari in Knights zone.
5:13 of 3rd period - Snap shot by Tomas Tatar.
5:13 of 3rd period - Stopped by Ben Scrivens with a rebound.
5:33 of 3rd period - Snap shot by Jordan Martinook.
5:33 of 3rd period - Goal by Jordan Martinook - Knights : 4 - Mustangs : 3.
5:34 of 3rd period - Noel Acciari wins face-off versus Andreas Athanasiou in neutral zone.
5:41 of 3rd period - Noel Acciari is hit by Andreas Athanasiou and loses puck.
5:48 of 3rd period - Slapshot by Brady Skjei.
5:48 of 3rd period - Shot Blocked by Noel Acciari.
6:01 of 3rd period - Minor Penalty to Andrew Shaw for Hooking.
6:02 of 3rd period - Tomas Tatar wins face-off versus Noel Acciari in Mustangs zone.
6:02 of 3rd period - Tomas Tatar is hit by Jared Spurgeon.
6:18 of 3rd period - Snap shot by Noel Acciari.
6:18 of 3rd period - Shot Misses the Net.
6:28 of 3rd period - Jared Spurgeon is hit by Brady Skjei.
7:55 of 3rd period - Scott Mayfield is hit by Jonathan Drouin and loses puck.
8:01 of 3rd period - Penalty to Andrew Shaw is over, Andrew Shaw is back on ice.
8:12 of 3rd period - Alexei Marchenko is hit by Jared Spurgeon and loses puck.
9:25 of 3rd period - Nicolas Petan is hit by Michael Matheson.
9:37 of 3rd period - Pavel Buchnevich is hit by Michael McCarron and loses puck.
10:03 of 3rd period - Noel Acciari is hit by Ben Harpur and loses puck.
10:29 of 3rd period - Brady Skjei is hit by Jaccob Slavin and loses puck.
11:04 of 3rd period - Brady Skjei is hit by Josh Morrissey and loses puck.
11:15 of 3rd period - Josh Bailey is hit by Andrew Shaw and loses puck.
11:50 of 3rd period - Kurtis Gabriel is hit by Linden Vey and loses puck.
12:17 of 3rd period - Jared Spurgeon is hit by Jim O'Brien and loses puck.
13:40 of 3rd period - Minor Penalty to Josh Jooris for Hooking.
13:41 of 3rd period - Noel Acciari wins face-off versus Tomas Tatar in Mustangs zone.
13:52 of 3rd period - Mark Pysyk is hit by Michael Raffl and loses puck.
14:11 of 3rd period - Jim O'Brien is hit by Michael Matheson and loses puck.
15:19 of 3rd period - Pavel Buchnevich is hit by Nicolas Petan and loses puck.
15:30 of 3rd period - Nicolas Petan is hit by Michael Raffl and loses puck.
15:40 of 3rd period - Penalty to Josh Jooris is over, Josh Jooris is back on ice.
16:23 of 3rd period - Josh Morrissey is hit by Jim O'Brien and loses puck.
17:45 of 3rd period - Jonathan Drouin is hit by Tomas Tatar and loses puck.
18:01 of 3rd period - Icing by Josh Morrissey.
18:02 of 3rd period - Stefan Matteau wins face-off versus Jim O'Brien in Knights zone.
18:02 of 3rd period - Stefan Matteau is hit by Joshua Leivo.
18:42 of 3rd period - Snap shot by Nicolas Petan.
18:42 of 3rd period - Goal by Nicolas Petan - Knights : 4 - Mustangs : 4.
18:43 of 3rd period - Brendan Gaunce wins face-off versus JT Compher in neutral zone.
19:12 of 3rd period - Jaccob Slavin is hit by Brady Skjei.
19:51 of 3rd period - Icing by Joshua Leivo.
19:52 of 3rd period - Jonathan Drouin wins face-off versus Jim O'Brien in Mustangs zone.
19:53 of 3rd period - Snap shot by Josh Bailey.
19:53 of 3rd period - Shot Blocked by Alexei Marchenko.
Goals for this period are 1 for Knights vs 1 for Mustangs.
Shots for this period are 1 for Knights vs 7 for Mustangs.
Overtime #1
0:01 of 1st overtime period - Noel Acciari wins face-off versus Andrew Shaw in neutral zone.
0:04 of 1st overtime period - Wrist shot by Michael Raffl.
0:04 of 1st overtime period - Stopped by Chet Pickard without a rebound.
0:05 of 1st overtime period - Noel Acciari wins face-off versus Tomas Tatar in Mustangs zone.
0:06 of 1st overtime period - Slapshot by Jaccob Slavin.
0:06 of 1st overtime period - Deflect By Mark Pysyk.
0:06 of 1st overtime period - Stopped by Chet Pickard with a rebound.
0:12 of 1st overtime period - Slapshot by Brady Skjei.
0:12 of 1st overtime period - Deflect By Jaccob Slavin.
0:12 of 1st overtime period - Stopped by Ben Scrivens with a rebound.
0:14 of 1st overtime period - Snap shot by Brady Skjei.
0:14 of 1st overtime period - Stopped by Ben Scrivens without a rebound.
0:15 of 1st overtime period - Tomas Tatar wins face-off versus Noel Acciari in Knights zone.
0:28 of 1st overtime period - Snap shot by Tomas Tatar.
0:28 of 1st overtime period - Stopped by Ben Scrivens without a rebound.
0:29 of 1st overtime period - Tomas Tatar wins face-off versus Noel Acciari in Knights zone.
0:30 of 1st overtime period - Wrist shot by Andrew Shaw.
0:30 of 1st overtime period - Shot Misses the Net.
0:32 of 1st overtime period - Snap shot by Tomas Tatar.
0:32 of 1st overtime period - Deflect By Andrew Shaw.
0:32 of 1st overtime period - Stopped by Ben Scrivens without a rebound.
0:33 of 1st overtime period - Tomas Tatar wins face-off versus Noel Acciari in Knights zone.
0:38 of 1st overtime period - Slapshot by Andrew Shaw.
0:38 of 1st overtime period - Shot Misses the Net.
0:40 of 1st overtime period - Snap shot by Andrew Shaw.
0:40 of 1st overtime period - Deflect By Jaccob Slavin.
0:40 of 1st overtime period - Shot Misses the Net.
0:40 of 1st overtime period - Puck is out of play.
0:41 of 1st overtime period - Tomas Tatar wins face-off versus Noel Acciari in Knights zone.
0:44 of 1st overtime period - Snap shot by Andrew Shaw.
0:44 of 1st overtime period - Shot Blocked by Jared Spurgeon.
0:46 of 1st overtime period - Wrist shot by Andrew Shaw.
0:46 of 1st overtime period - Stopped by Ben Scrivens with a rebound.
0:48 of 1st overtime period - Wrist shot by Brady Skjei.
0:48 of 1st overtime period - Deflect By Noel Acciari.
0:48 of 1st overtime period - Stopped by Ben Scrivens with a rebound.
0:50 of 1st overtime period - Snap shot by Mark Pysyk.
0:50 of 1st overtime period - Stopped by Ben Scrivens with a rebound.
1:20 of 1st overtime period - Wrist shot by Joshua Leivo.
1:20 of 1st overtime period - Shot Hit the Post.
1:28 of 1st overtime period - Snap shot by Jared Spurgeon.
1:28 of 1st overtime period - Shot Blocked by Alexei Marchenko.
2:02 of 1st overtime period - Snap shot by JT Compher.
2:02 of 1st overtime period - Shot Blocked by Michael Matheson.
2:11 of 1st overtime period - Icing by JT Compher.
2:12 of 1st overtime period - Noel Acciari wins face-off versus JT Compher in Mustangs zone.
3:54 of 1st overtime period - Slapshot by Josh Bailey.
3:54 of 1st overtime period - Goal by Josh Bailey - Knights : 5 - Mustangs : 4.
Goals for this period are 1 for Knights vs 0 for Mustangs.
Shots for this period are 3 for Knights vs 7 for Mustangs.
Back to the Top